 Dungeon Crawl Stone Soup version 0.18-a0-1202-g796ae12 (webtiles) character file.

330 M4edhros the Sneak (level 6, 0/38 HPs)
             Began as an Octopode Artificer on Jan 31, 2016.
             Succumbed to poison (a potion of poison)
             ... on level 5 of the Dungeon.
             The game lasted 00:03:55 (2267 turns).

M4edhros the Sneak (Octopode Artificer)             Turns: 2267, Time: 00:03:55

Health: 0/38       AC:  1    Str: 11    XL:     6   Next: 51%
Magic:  9/9        EV: 14    Int: 21    God:
Gold:   141        SH:  0    Dex: 14    Spells: 0 memorised, 5 levels left

rFire  . . .     SeeInvis .     a - +0 short sword
rCold  . . .     Gourm    .     (no shield)
rNeg   . . .     Faith    .     (helmet restricted)
rPois  .         Spirit   .     (no amulet)
rElec  .         Dismiss  .     (no ring)
rCorr  .         Reflect  .     j - +2 ring of dexterity
SustAt .         Harm     .     (no ring)
MR     .....                    (no ring)
Stlth  ++++......               (no ring)
                                (no ring)
                                (no ring)
                                (no ring)

@: brilliant, lethally poisoned (0 -> -6), flying, very slightly contaminated,
hasted, very quick, not resistant to hostile enchantments, stealthy
A: almost no armour, amphibious, 8 rings, constrict 8, camouflage 1, gelatinous
body 1
a: no special abilities


You were on level 5 of the Dungeon.
You were not hungry.

You visited 1 branch of the dungeon, and saw 5 of its levels.

You collected 141 gold pieces.

Inventory:

Hand Weapons
 a - a +0 short sword (weapon)
Missiles
 l - 59 stones (quivered)
 m - 15 sling bullets
 n - 8 curare-tipped needles
Jewellery
 j - a +2 ring of dexterity (right tentacle)
 p - an uncursed ring of teleportation
Wands
 b - a wand of flame (10/48)
 c - a wand of enslavement (10/24)
 d - a wand of random effects (3/48)
Scrolls
 r - a scroll of amnesia
Potions
 i - a potion of cure mutation
Comestibles
 g - 2 fruits


   Skills:
 - Level 1.0 Fighting
 - Level 1.0 Short Blades
 * Level 4.5 Dodging
 * Level 5.4 Stealth
 + Level 4.7 Evocations


You had 5 spell levels left.
You didn't know any spells.

Dungeon Overview and Level Annotations

Branches:
Dungeon (5/15)
 Temple: D:4-7

Altars:
Pakellas
Zin

Annotations:
D:3 Terence


Innate Abilities, Weirdness & Mutations

You cannot wear most types of armour.
You are amphibious.
You can wear up to eight rings at the same time.
You can use your tentacles to constrict eight enemies at once.
Your skin changes colour to match your surroundings (Stealth).
Your rubbery body absorbs attacks (AC +1).


Message History

Found a bread ration and a scroll of remove curse.
A quokka comes into view.
* * * LOW HITPOINT WARNING * * *
You feel sick.
* * * LOW HITPOINT WARNING * * *
You feel sick.
A crimson imp comes into view.
The crimson imp shouts!
* * * LOW HITPOINT WARNING * * *
You feel sick.
The crimson imp blinks!
Found a bread ration.
* * * LOW HITPOINT WARNING * * *
You feel sick.
You see here a bread ration.
Read which item? (? for menu, Esc to quit)
As you read the scroll of magic mapping, it crumbles to dust.
You feel aware of your surroundings.
* * * LOW HITPOINT WARNING * * *
You feel sick.
You die...

,...#####r### *,,,,* *,** *#.##
#...# **,*,* *,** #..# #.#.#
*,*,# *,** #..#####.#.##
*,,.#*********,* #...#....#..##
**,.,,,*,,,,,*,* #.#.....###.%##
*.#**,,,,,,,,,* ##.###...#
##..###.# *,,,,,,,,,*
#..###########.....# *,,,,,,,,,*
#..........5....@..#**,,,,,,,,,*
#..#############.%..#*,,,,,,,,,*
..## ##########...#,,,,,,,,,*
#.#######....[# *#.....,,<,,,,*
#.#...........# *.....,,,,,,,*
#.#.##........# **##.[,,,,,,,*
..[....##.....# ***,.,,,,,,,*
#...###########*****,,,,,,,,,,,*
#..## *,,,,,,**,,,,,,,**


You could see a crimson imp.

Vanquished Creatures
  A phantom (D:4)
  A crimson imp (D:5)
  A giant frog skeleton (D:5)
  3 worker ants
  A hound skeleton (D:4)
  3 gnolls
  2 adders (D:4)
  An ooze (D:4)
  An adder skeleton (D:4)
  A worm (D:3)
  A giant gecko (D:3)
  7 orcs (D:4)
  A giant cockroach (D:4)
  A goblin (D:2)
  3 jackals (D:4)
  A quokka (D:5)
  2 bats (D:1)
  A giant newt (D:5)
  3 kobolds
  A rat (D:1)
36 creatures vanquished.

Vanquished Creatures (others)
  A jackal (D:4)
1 creature vanquished.

Grand Total: 37 creatures vanquished

Notes
Turn   | Place    | Note
--------------------------------------------------------------
     0 | D:1      | M4edhros the Octopode Artificer began the quest for the Orb.
     0 | D:1      | Reached XP level 1. HP: 13/13 MP: 3/3
   336 | D:3      | Reached XP level 2. HP: 5/18 MP: 4/4
   551 | D:3      | Noticed Terence
   693 | D:4      | Reached XP level 3. HP: 14/23 MP: 5/5
   936 | D:4      | Noticed a phantom
   975 | D:4      | Killed a phantom
   975 | D:4      | Reached skill level 4 in Stealth
   975 | D:4      | Reached XP level 4. HP: 14/28 MP: 5/7
   975 | D:4      | Reached XP level 5. HP: 16/33 MP: 5/8
   981 | D:4      | Found an oddly glowing altar of Pakellas.
   981 | D:4      | Found a glowing silver altar of Zin.
  1030 | D:4      | Noticed a phantom
  1622 | D:4      | Noticed an ogre
  1756 | D:5      | Entered Level 5 of the Dungeon
  1788 | D:5      | Reached skill level 5 in Stealth
  1788 | D:5      | Reached XP level 6. HP: 29/38 MP: 9/9
  2262 | D:5      | HP: 1/38 [poison (a potion of poison)]
  2267 | D:5      | Succumbed to poison (a potion of poison)

Vault maps used:
D:1:      dpeg_arrival_orchard
D:2:      minmay_misc_feat_four_crosses, uniq_robin
D:3:      uniq_terence
D:4:      minitemple
D:5:      first_bread

Action                   |  1- 3 |  4- 6 || total
-------------------------+-------+-------++-------
Melee: Short sword       |    47 |    60 ||   107
Evoke: Wand              |     9 |    13 ||    22
  Use: Scroll            |     2 |     2 ||     4
       Potion            |       |     5 ||     5
 Stab: Sleeping          |     3 |     2 ||     5
       Distracted        |     1 |     1 ||     2
       Confused          |     2 |       ||     2
  Eat: Bread ration      |       |     1 ||     1
